 Dungeon Crawl Stone Soup version 0.31-a0-459-gc8a9bf3d51 (webtiles) character file.

Game seed: 12236544564840911858

100 Ethylacetat the Insei (level 4, 0/24 HPs)
             Began as a Vine Stalker Monk on Aug 4, 2023.
             Slain by a goblin
             ... wielding a +0 hand axe
             ... led by Robin
              (4 damage)
             ... on level 2 of the Dungeon.
             The game lasted 00:01:51 (1167 turns).

Ethylacetat the Insei (Vine Stalker Monk)           Turns: 1167, Time: 00:01:52

Health: 0/24       AC:  2    Str: 14    XL:     4   Next: 74%
Magic:  0/7        EV: 13    Int: 10    God:
Gold:   55         SH:  0    Dex: 18    Spells: 6/6 levels left

rFire   . .          .
                       - Unarmed
rCold   . . .        c - orb {light}
rNeg    . . .        a - +0 robe
rPois   .            (no helmet)
rElec   .            (no cloak)
rCorr   .            (no gloves)
SInv    .            (no boots)
Will    .....        (no amulet)
Stlth   +            k - ring of flight
HPRegen 1.04/turn    (no ring)
MPRegen 0.10/turn

%: guardian spirit
@: flying, glowing
A: fangs 2, regeneration 1, magic shield, antimagic bite, no potion heal 2
a: no special abilities


You were on level 2 of the Dungeon.
You visited 1 branch of the dungeon, and saw 2 of its levels.

You collected 55 gold pieces.

Inventory:

Missiles
 j - 8 poisoned darts
Armour
 a - a +0 robe (worn)
 c - an orb of light (worn)
Jewellery
 k - a ring of flight (left hand)
Scrolls
 d - a scroll of enchant weapon {unknown}
 e - 2 scrolls of identify {unknown}
 f - a scroll of butterflies {unknown}
 g - a scroll of noise {unknown}
Potions
 b - a potion of ambrosia
 h - 2 potions of might {unknown}
 i - a potion of lignification {unknown}


   Skills:
 + Level 3.3 Fighting
 - Level 2.4 Dodging
 * Level 4.3 Unarmed Combat
 + Level 1.8 Spellcasting


You had 6 spell levels left.
You didn't know any spells.
Your spell library contained the following spells:

 Spells                   Type           Power      Damage    Failure   Level
 Apportation              Tloc           0%         N/A       32%         1
 Necrotise                Necr           0%         1d4       32%         1
 Summon Small Mammal      Summ           0%         N/A       32%         1


Dungeon Overview and Level Annotations

Branches:
Dungeon (2/15)

Altars:

Annotations:
D:2 Robin


Innate Abilities, Weirdness & Mutations

You have extremely sharp teeth.
Your natural rate of healing is unusually fast.
When hurt, damage is shared between your health and your magic reserves.
Your bite disrupts and absorbs the magic of your enemies.
Potions cannot restore your health.


Message History

You hit the goblin.
You kill the goblin!
The goblin closely misses you. Robin throws the goblin at you!
The goblin closely misses you. The hobgoblin misses you.
You hit the goblin but do no damage. The goblin hits you with a +0 hand axe.
The goblin completely misses you. The hobgoblin hits you.
You punch the goblin!
You kill the goblin!
The goblin hits you with a +0 hand axe.
Robin roars a battlecry!
The goblins go into a battle-frenzy!
The hobgoblin barely misses you.
You hit the goblin. Your bite misses the goblin.
The goblin is severely wounded.
The goblin hits you with a +0 hand axe. The hobgoblin closely misses you.
You hit Robin.
Robin is moderately wounded.
Robin hits you with a +0 club. The goblin barely misses you.
The hobgoblin hits you.
You hit Robin.
Robin is heavily wounded.
Robin says, "Feeling lonely?"
Robin hits you with a +0 club. The goblin closely misses you.
The hobgoblin hits you.
* * * LOW HITPOINT WARNING * * *
You hit Robin. You bite Robin. You drain their power.
You feel invigorated.
Robin is severely wounded.
Robin hits you but does no damage. The goblin hits you with a +0 hand axe.
* * * LOW HITPOINT WARNING * * *
The hobgoblin barely misses you.
Unknown command.
You hit Robin but do no damage. You bite Robin. You drain their power.
You feel invigorated.
Robin is severely wounded.
You hit Robin but do no damage.
Robin is severely wounded.
Robin hits you with a +0 club.
* * * LOW HITPOINT WARNING * * *
The goblin hits you with a +0 hand axe!
You die...

........#
........#
........#
##........# #>..
.....# #.. .g...
#g###g?# #@##.#
####gg†.#
#...g.#...#
#.....###.## .#
#.....# ......#
#####...^.#+#.##.#
#
..................
..
########.......#
..# #.......##..#


You could see Robin, 2 hobgoblins and a goblin (strong).

Vanquished Creatures
  2 adders (D:2)
  3 dart slugs (D:1)
  4 ball pythons
  6 endoplasms
  5 giant cockroaches
  12 goblins
  4 hobgoblins
  10 jackals
  3 quokkas (D:1)
  2 bats
  6 frilled lizards
  6 kobolds (D:1)
  2 rats
65 creatures vanquished.

Notes
Turn   | Place    | Note
-------+----------+-------------------------------------------
     0 | D:1      | Ethylacetat the Vine Stalker Monk began the quest for the
                  | Orb.
     0 | D:1      | Reached XP level 1. HP: 11/11 MP: 2/2
   117 | D:1      | Reached XP level 2. HP: 16/16 MP: 3/3
   273 | D:1      | Reached skill level 1 in Spellcasting
   284 | D:1      | Reached XP level 3. HP: 17/20 MP: 2/5
   865 | D:1      | Reached skill level 4 in Unarmed Combat
   867 | D:1      | Gained mutation: Your natural rate of healing is unusually
                  | fast. [Vine Stalker growth]
   867 | D:1      | Reached XP level 4. HP: 22/24 MP: 5/7
  1143 | D:2      | Noticed Robin
  1167 | D:2      | Slain by a goblin

Illustrated notes

Levels and vault maps discovered:
D:1:      tarquinn_simple_flora_water_a, layout_loops_ring, serial_bayou_pond_b
D:2:      layout_basic, minmay_misc_feat_columns, minmay_misc_feat_x,
          minmay_misc_feat_tower, minmay_fountain_box, uniq_robin

Skill      XL: |  1  2  3 |
---------------+----------+-----
Fighting       | 3 |  3.3
Spellcasting   | 1 |  1.8
Unarmed Combat | 4 |  4.3
Dodging        | |  2.4

Action                     |  1- 3 |  4- 6 || total
---------------------------+-------+-------++-------
  Melee: Unarmed           |   101 |    53 ||   154
         Bite              |    29 |    18 ||    47
   Stab: Sleeping          |     1 |       ||     1
 Armour: Robe              |    12 |    12 ||    24
  Dodge: Dodged            |    43 |    38 ||    81

Table legend: (Time is in decaauts)
 A = Elapsed time spent in this place.
 B = Non-inter-level travel time spent in this place.
 C = Inter-level travel time spent in this place.
 D = Time resting spent in this place.
 E = Time spent auto-exploring this place.
 F = Levels seen in this place.
 G = Mean time per level.
                   A        B        C        D        E       F      G
               +--------+--------+--------+--------+--------+-----+--------+
         Total |   1158 |   1150 |      8 |     19 |    859 |   2 |  579.0 |
       Dungeon |   1158 |   1150 |      8 |     19 |    859 |   2 |  579.0 |
               +--------+--------+--------+--------+--------+-----+--------+

Top non-repeatable levels by time:
     D:1: 934 daAuts
     D:2: 224 daAuts
